 Dungeon Crawl Stone Soup version 0.28-a0-863-g8cecda6153 (console) character file.

Game seed: 1976119987581725522

43399 jejorda2 the Impaler (level 14, -5/88 HPs)
             Began as a Gargoyle Berserker on Nov 18, 2021.
             Was an Elder of Trog.
             Slain by a blink frog (10 damage)
             ... on level 5 of the Lair of Beasts.
             The game lasted 00:39:41 (20325 turns).

jejorda2 the Impaler (Gargoyle Berserker)          Turns: 20325, Time: 00:39:42

Health: -5/88      AC: 33    Str: 24    XL:     14   Next: 24%
Magic:  14/14      EV:  4    Int: 10    God:    Trog [****..]
Gold:   98         SH:  0    Dex:  9    Spells: 13/13 levels left

rFire   + . .      SeeInvis .   a - +1 halberd (venom)
rCold   + . .      Faith    .   (shield currently unavailable)
rNeg    + + .      Spirit   .   Q - -2 gold dragon scales
rPois   ∞          Reflect  .   w - +2 helmet
rElec   +          Harm     .   K - scarf {repulsion}
rCorr   .          Rampage  .   o - +2 pair of gloves
Will    ++...                   E - +2 pair of boots
Stlth   ..........              B - amulet of the acrobat
HPRegen 0.24/turn               t - ring of willpower
MPRegen 0.14/turn               J - ring of positive energy

@: on berserk cooldown, flying, slowed, repel missiles, very slow
A: sickness immunity, AC +10, big wings, negative energy resistance 1,
electricity resistance, torment resistance 1, petrification resistance
a: Renounce Religion, Berserk, Trog's Hand, Brothers in Arms


You were on level 5 of the Lair of Beasts.
You worshipped Trog.
Trog was greatly pleased with you.
You visited 2 branches of the dungeon, and saw 16 of its levels.
You also visited: Ossuary.

You collected 868 gold pieces.
You spent 770 gold pieces at shops.

Inventory:

Hand Weapons
 a - a +1 halberd of venom (weapon)
 b - a +1 trident
Missiles
 d - 103 bolts
 f - 446 stones
 m - 56 poisoned darts (quivered)
 r - 195 arrows
 F - 10 boomerangs
 I - a curare-tipped dart
 O - 12 javelins
Armour
 o - a +2 pair of gloves (worn)
 w - a +2 helmet (worn)
 E - a +2 pair of boots (worn)
 K - a scarf of repulsion (worn)
 Q - -2 gold dragon scales (worn)
Jewellery
 t - a ring of willpower (left hand)
 B - an amulet of the acrobat (around neck)
 J - a ring of positive energy (right hand)
Wands
 p - a wand of polymorph (37)
 v - a wand of mindburst (20)
 z - a wand of iceblast (48)
 N - a wand of flame (22)
Scrolls
 g - 4 scrolls of teleportation
 y - a scroll of fear
 C - 3 scrolls of blinking
 G - 2 scrolls of enchant weapon
 H - 2 scrolls of magic mapping
Potions
 c - 6 potions of lignification
 e - a potion of magic {unknown}
 i - 2 potions of flight
 j - 5 potions of curing
 k - a potion of might
 l - 5 potions of heal wounds
 n - 2 potions of haste
 q - 2 potions of attraction
 s - 7 potions of brilliance
 u - 2 potions of degeneration {unknown}
 x - 2 potions of ambrosia
 A - 2 potions of mutation
 D - 3 potions of cancellation
 L - 3 potions of resistance
Miscellaneous
 M - a condenser vane


   Skills:
 - Level 10.0 Fighting
 + Level 19.3 Polearms
 - Level 6.0 Armour
 - Level 1.5 Dodging
 - Level 6.0 Evocations


You had 13 spell levels left.
You didn't know any spells.
Your spell library was empty.

Dungeon Overview and Level Annotations

Branches:
Dungeon (10/15)            Temple (0/1) D:4            Lair (6/6) D:8
 Shoals (0/4) Lair:3        Snake (0/4) Lair:4      Ossuary (visited)
  Slime: Lair:5-6       Orc: D:9-12

Altars:
Ashenzari
Hepliaklqana
Nemelex Xobeh
Okawaru
Ru
Vehumet
Wu Jian

Shops:
D:8 *

Annotations:
Lair:2 3 runed translucent doors, AttackTheMoon's ghost, journeyman DjFE


Innate Abilities, Weirdness & Mutations

You are immune to sickness and miasma.
Your stone body is resilient. (AC +10)
You are immune to poison.
Your large and strong wings let you fly.
You resist negative energy. (rN+)
You are resistant to electric shocks. (rElec)
You are resistant to unholy torment.
You are immune to petrification.


Message History

The black mamba barely misses you.
The blink frog hits you but does no damage.
The black mamba bites you!
* * * LOW HITPOINT WARNING * * *
The blink frog hits you but does no damage.
The cane toad croaks.
You fly upwards.
There is a stone staircase leading down, spattered with blood here.
Unknown command.
Unknown command.
Unknown command.
You slash the black mamba!
The black mamba is moderately wounded.
The black mamba bites you but does no damage.
The black mamba completely misses you.
The blink frog hits you but does no damage.
You impale the black mamba!!
The black mamba is poisoned.
The black mamba is almost dead.
The black mamba bites you but does no damage.
The blink frog hits you but does no damage.
The black mamba bites you but does no damage.
The blink frog hits you but does no damage.
You closely miss the black mamba.
The black mamba is almost dead.
The black mamba bites you but does no damage.
The blink frog hits you but does no damage.
The black mamba bites you but does no damage.
You impale the black mamba!!
You kill the black mamba!
Trog accepts your kill.
The blink frog hits you but does no damage.
The blink frog blinks!
You puncture the blink frog!
The blink frog is heavily wounded.
The blink frog hits you!
* * * LOW HITPOINT WARNING * * *
You hit the blink frog.
The blink frog is poisoned.
The blink frog is severely wounded.
The blink frog hits you!
You die...

##...####............#
#.....# #.P.......P.##
#..P..#####.......P.#
###.P#...#.....#.######
##P............+###....##
#P......♣...♣...........###
#......♣...PP♣..........##.
##.......♣.♣P.............>
##.......F@.............+.#
#.......P♣†♣.............##
##.....♣P...P♣.......<..P##
#.P....♣...♣..#P###.#....#
##............#####.######
##.P#.##.P#### #...##
##..######## ###....#
##...#.### ####.#..P##
#.#.#.##.# #P.#.....#


You could see a blink frog (very poisoned).

Vanquished Creatures
  Snorg (Lair:5)
  4 hydras
  A centaur warrior (D:10)
  A two-headed ogre (D:9)
  7 death yaks (Lair:4)
  Urug (Lair:1)
  Pikel (D:9)
  A deep elf pyromancer (D:8)
  An oklob plant (Lair:4)
  Joseph (D:7)
  17 elephants
  A torpor snail (Lair:6)
  4 centaur zombies
  2 black mambas
  15 cane toads
  An unseen horror (D:9)
  2 rime drakes
  8 komodo dragons
  A polar bear (Lair:5)
  A tyrant leech (Lair:5)
  11 blink frogs
  12 dream sheep
  A spriggan (D:10)
  A wyvern (Lair:2)
  2 wraiths (Ossuary)
  Eustachio (D:5)
  38 yaks
  2 vampire mosquitoes (Lair:6)
  4 basilisks
  15 water moccasins
  3 black bears
  4 orc warriors
  A necrophage (D:5)
  6 wolves (Lair:1)
  3 centaurs
  2 ogres (D:6)
  2 lemures (D:9)
  2 kobold brigands
  12 bullfrogs
  A gnoll sergeant (D:8)
  2 scorpions
  A water moccasin zombie (D:5)
  A wyvern skeleton (D:5)
  A water moccasin skeleton (D:5)
  3 killer bees (D:9)
  6 howler monkeys (D:9)
  2 wights (Ossuary)
  3 jellies
  A gnoll shaman (D:10)
  3 hounds
  5 orc priests
  A centaur skeleton (D:6)
  5 iguanas
  Jessica (D:3)
  2 bullfrog skeletons (D:6)
  9 orc wizards
  8 hell rats (Lair:2)
  A killer bee zombie (D:5)
  Robin (D:4)
  A howler monkey zombie (D:9)
  8 gnolls
  6 river rats (Lair:2)
  10 adders
  A shadow imp (D:7)
  2 adder zombies (Ossuary)
  A worm (D:2)
  4 dart slugs
  35 orcs
  8 ball pythons
  6 endoplasms
  4 giant cockroaches
  14 goblins
  14 hobgoblins
  7 jackals
  2 quokkas
  A ball python skeleton (Ossuary)
  7 bats
  7 frilled lizards
  2 gnoll zombies (D:5)
  2 hobgoblin zombies (Ossuary)
  19 kobolds
  A kobold zombie (Ossuary)
  3 orc skeletons (Ossuary)
  An orc zombie (Ossuary)
  10 rats
426 creatures vanquished.

Vanquished Creatures (collateral kills)
  3 blink frogs (Lair:5)
  A yak (Lair:1)
  A bullfrog (Lair:5)
5 creatures vanquished.

Vanquished Creatures (others)
  A bush (Lair:6)
  21 fungi
  82 plants
104 creatures vanquished.

Grand Total: 535 creatures vanquished

Notes
Turn   | Place    | Note
-------+----------+-------------------------------------------
     0 | D:1      | jejorda2 the Gargoyle Berserker began the quest for the
                  | Orb.
     0 | D:1      | Reached XP level 1. HP: 14/14 MP: 1/1
   433 | D:1      | Reached skill level 3 in Polearms
   433 | D:1      | Reached XP level 2. HP: 16/19 MP: 2/2
   801 | D:1      | Reached XP level 3. HP: 23/23 MP: 3/3
   884 | D:1      | Reached ** piety under Trog
  1963 | D:2      | Found a faded altar of an unknown god.
  2173 | D:2      | Reached XP level 4. HP: 29/29 MP: 4/4
  2953 | D:3      | Noticed Jessica
  2983 | D:3      | Killed Jessica
  2984 | D:3      | Reached skill level 4 in Polearms
  2984 | D:3      | Reached XP level 5. HP: 23/33 MP: 5/5
  3528 | D:4      | Found a staircase to the Ecumenical Temple.
  3626 | D:4      | Noticed Robin
  3636 | D:4      | Killed Robin
  3658 | D:4      | Reached *** piety under Trog
  3705 | D:4      | Reached XP level 6. HP: 39/39 MP: 6/6
  3770 | D:4      | Found a radiant altar of Vehumet.
  3786 | D:4      | Identified the +3 long sword "Newtbane" {vorpal, rN+}
  3918 | D:4      | Reached skill level 5 in Polearms
  4704 | D:5      | Entered Level 5 of the Dungeon
  4768 | D:5      | Noticed Eustachio
  4793 | D:5      | Killed Eustachio
  4794 | D:5      | Reached skill level 5 in Fighting
  4794 | D:5      | Reached XP level 7. HP: 33/44 MP: 7/7
  4813 | D:5      | Found a sparkling altar of Nemelex Xobeh.
  4866 | D:5      | Reached skill level 6 in Polearms
  4887 | D:5      | Found a sacrificial altar of Ru.
  4939 | D:5      | Found a sand-covered staircase.
  4952 | Ossuary  | Entered an ossuary
  5105 | Ossuary  | Reached skill level 5 in Armour
  5133 | Ossuary  | Noticed a wraith
  5133 | Ossuary  | Noticed a flying skull
  5140 | Ossuary  | Noticed a flying skull
  5170 | Ossuary  | Noticed a flying skull
  5238 | Ossuary  | Reached XP level 8. HP: 51/51 MP: 8/8
  5293 | Ossuary  | Noticed a wraith
  5301 | Ossuary  | Killed a wraith
  5335 | Ossuary  | Noticed a flying skull
  5343 | Ossuary  | Noticed a wraith
  5353 | Ossuary  | Killed a wraith
  5480 | D:5      | Reached skill level 7 in Polearms
  6148 | D:5      | Reached XP level 9. HP: 57/57 MP: 9/9
  6249 | D:5      | Found an iron altar of Okawaru.
  6790 | D:6      | Reached skill level 8 in Polearms
  7610 | D:7      | Reached skill level 9 in Polearms
  8042 | D:7      | Reached skill level 10 in Polearms
  8135 | D:7      | Noticed Joseph
  8149 | D:7      | Killed Joseph
  8150 | D:7      | Reached XP level 10. HP: 51/64 MP: 10/10
  8598 | D:7      | Reached skill level 11 in Polearms
  9194 | D:8      | Found Apnyoss's Lightly-Used Armoury.
  9203 | D:8      | Noticed a deep elf pyromancer
  9213 | D:8      | Killed a deep elf pyromancer
  9406 | D:8      | Found a staircase to the Lair.
  9706 | D:8      | Found a broken altar of Ashenzari.
  9735 | D:8      | Reached skill level 12 in Polearms
 10468 | D:9      | Reached **** piety under Trog
 10597 | D:9      | Noticed Pikel
 10613 | D:9      | Killed Pikel
 10614 | D:9      | Reached skill level 13 in Polearms
 10614 | D:9      | Reached XP level 11. HP: 68/68 MP: 11/11
 11554 | D:9      | Noticed a two-headed ogre
 11561 | D:9      | Killed a two-headed ogre
 11562 | D:9      | Reached skill level 14 in Polearms
 12006 | D:10     | Entered Level 10 of the Dungeon
 12448 | D:10     | Noticed a centaur warrior
 12458 | D:10     | Killed a centaur warrior
 12792 | D:10     | Found an ornate altar of the Wu Jian Council.
 12924 | Lair:1   | Entered Level 1 of the Lair of Beasts
 13053 | Lair:1   | Reached skill level 15 in Polearms
 13114 | Lair:1   | Noticed a seven-headed hydra
 13126 | Lair:1   | Killed a seven-headed hydra
 13127 | Lair:1   | Reached skill level 1 in Evocations
 13440 | Lair:1   | Reached XP level 12. HP: 75/75 MP: 12/12
 13525 | Lair:1   | Noticed Urug
 13551 | Lair:1   | Killed Urug
 13927 | Lair:1   | Noticed a four-headed hydra
 13935 | Lair:1   | Killed a four-headed hydra
 14671 | Lair:2   | Reached skill level 16 in Polearms
 15044 | Lair:2   | Reached skill level 10 in Fighting
 15425 | Lair:2   | Reached ***** piety under Trog
 15781 | Lair:2   | Found a runed translucent gate.
 15781 | Lair:2   | Found a runed translucent gate.
 15783 | Lair:2   | Found a runed translucent gate.
 15786 | Lair:2   | Noticed AttackTheMoon's ghost (journeyman DjFE)
 16000 | Lair:3   | Noticed a six-headed hydra
 16035 | Lair:3   | Killed a six-headed hydra
 16036 | Lair:3   | Reached skill level 5 in Evocations
 16130 | Lair:3   | Noticed a four-headed hydra
 16140 | Lair:3   | Killed a four-headed hydra
 16208 | Lair:3   | Found a staircase to the Shoals.
 16431 | Lair:3   | Reached XP level 13. HP: 61/82 MP: 13/13
 17058 | Lair:4   | Reached skill level 17 in Polearms
 17458 | Lair:4   | You fall into a shaft and drop 2 floors!
 17458 | Lair:6   | Entered Level 6 of the Lair of Beasts
 17677 | Lair:5   | Reached skill level 18 in Polearms
 18103 | Lair:5   | Noticed Snorg
 18119 | Lair:5   | Killed Snorg
 18400 | D:8      | Bought -2 gold dragon scales for 770 gold pieces
 18591 | Lair:5   | Gained mutation: Your large and strong wings let you fly.
                  | [Gargoyle growth]
 18591 | Lair:5   | Reached XP level 14. HP: 75/88 MP: 14/14
 18756 | Lair:4   | Found a hazy altar of Hepliaklqana.
 18783 | Lair:4   | Found a staircase to the Snake Pit.
 19993 | Lair:6   | Reached skill level 19 in Polearms
 20324 | Lair:5   | HP: 4/88 [blink frog (9)]
 20325 | Lair:5   | Slain by a blink frog

Illustrated notes

Levels and vault maps discovered:
D:1:      dpeg_arrival_rooms_with_view, layout_loops_ring
D:2:      layout_loops_corners, shapermc_ecumenical_altar_totnotflames
D:3:      layout_basic, uniq_jessica
D:4:      layout_layer_cave, vehumet_crystals, minmay_temple_entry_ruins,
          minivault_14, uniq_robin
D:5:      layout_layer_cave, nemelex_diamond_rough_becter,
          mainiacjoe_overflow_24_doors, okawaru_ov_weapons_minmay,
          enter_ossuary_3, grunt_ministairs_1, uniq_eustachio
D:6:      layout_cave_pools, kennysheep_small_square
D:7:      minmay_evil_eye, layout_cave_pods, minmay_tree_intersection,
          chequers_arboretum, corner_web_ring, uniq_joseph
D:8:      layout_basic, mainiacjoe_overflow_catwalk, david_lair_shrubbed,
          minmay_shop_damaged
D:9:      layout_gridville, uniq_pikel
D:10:     layout_loops_ring, nicolae_wu_jian_wuxing_cycle,
          serial_bayou_lagoon_a, minivault_21, the_hattery
Lair:1:   layout_gridlike, uniq_urug
Lair:2:   layout_hall_layers, gammafunk_ghost_necromancy,
          kennysheep_abandoned_house, infiniplex_staircase_pool
Lair:3:   layout_roguey, elwin_shoals_entry_rocks, chequers_serial_rivers_marsh
Lair:4:   layout_small_grid, dummy_snake_entry, lemuel_oklob_altar,
          grunt_megastairs_4
Lair:5:   layout_roguey, grunt_forest_stairs_basic, uniq_snorg
Lair:6:   minmay_lair_end_frog_pond, layout_hall_layers,
          minmay_slime_entry_pillars

Skill      XL: |  1  2  3  4  5  6  7  8  9 10 11 12 13 14 |
---------------+-------------------------------------------+-----
Polearms       | 3 4 5 6 7 10 13 15 16 18 19 | 19.3
Armour         | 3 4 5 6 |  6.0
Fighting       | 4 5 7 8 10 | 10.0
Evocations     | 1 5 6 |  6.0
Dodging        | |  1.5

Action                   |  1- 3 |  4- 6 |  7- 9 | 10-12 | 13-15 || total
-------------------------+-------+-------+-------+-------+-------++-------
Melee: Spear             |   192 |   132 |       |       |       ||   324
       Trident           |       |   139 |   310 |    43 |       ||   492
       Halberd           |       |       |       |   711 |   433 ||  1144
Throw: Stone             |    39 |    10 |     6 |    21 |     9 ||    85
       Dart              |       |       |    21 |       |     9 ||    30
Invok: Berserk           |     2 |     5 |    13 |    19 |     7 ||    46
       Trog's Hand       |       |     1 |     1 |       |     1 ||     3
       Brothers in Arms  |       |       |       |     1 |     2 ||     3
Evoke: Condenser vane    |       |       |       |       |     1 ||     1
  Use: Scroll            |       |     9 |    12 |     3 |     6 ||    30
       Potion            |       |       |       |       |     1 ||     1
 Stab: Confused          |       |       |       |       |     5 ||     5
Armor: Animal skin       |    16 |       |       |       |       ||    16
       Ring mail         |    32 |    41 |       |       |       ||    73
       Scale mail        |       |    78 |   118 |       |       ||   196
       Chain mail        |       |       |    44 |       |       ||    44
       Plate armour      |       |       |     2 |   474 |   133 ||   609
       Gold dragon scale |       |       |       |       |    91 ||    91
Dodge: Dodged            |    82 |   122 |   105 |   225 |    66 ||   600
       Repelled          |       |       |       |       |     1 ||     1

Table legend: (Time is in decaauts)
 A = Elapsed time spent in this place.
 B = Non-inter-level travel time spent in this place.
 C = Inter-level travel time spent in this place.
 D = Time resting spent in this place.
 E = Time spent auto-exploring this place.
 F = Levels seen in this place.
 G = Mean time per level.
                   A        B        C        D        E       F      G
               +--------+--------+--------+--------+--------+-----+--------+
         Total |  20405 |  19577 |    828 |   3022 |  13263 |  17 | 1200.3 |
       Dungeon |  12642 |  12127 |    515 |   1159 |   8822 |  10 | 1264.2 |
          Lair |   7208 |   6895 |    313 |   1659 |   4226 |   6 | 1201.3 |
       Ossuary |    554 |    554 |      0 |    204 |    214 |   1 |  554.0 |
               +--------+--------+--------+--------+--------+-----+--------+

Top non-repeatable levels by time:
     D:9: 1644 daAuts
  Lair:2: 1637 daAuts
     D:5: 1606 daAuts
     D:1: 1572 daAuts
     D:7: 1571 daAuts
  Lair:4: 1518 daAuts
     D:8: 1433 daAuts
  Lair:1: 1402 daAuts
  Lair:5: 1290 daAuts
     D:4: 1227 daAuts
     D:2: 1008 daAuts
  Lair:3: 926 daAuts
     D:3: 921 daAuts
    D:10: 878 daAuts
     D:6: 777 daAuts
